 Dungeon Crawl Stone Soup version 0.24-a0-373-g39439d8 (webtiles) character file.

Game seed: 8515173197820059234

60473 PopulousWildman the Basher (level 14, -3/149 HPs)
             Began as a Troll Monk on Apr 8, 2019.
             Was a High Priest of Wu Jian.
             Slain by Donald
             ... wielding a +0 eveningstar
              (41 damage)
             ... on level 2 of the Orcish Mines on May 30, 2019.
             The game lasted 01:50:35 (24538 turns).

PopulousWildman the Basher (Troll Monk)            Turns: 24538, Time: 01:50:36

Health: -3/149     AC: 24    Str: 26    XL:     14   Next: 57%
Magic:  13/13      EV: 18    Int:  6    God:    Wu Jian [*****.]
Gold:   1465       SH:  0    Dex: 12    Spells: 13/13 levels left

rFire    . . .     SeeInvis .   o - +2 mace (protect)
rCold    . . .     Gourm    +   (no shield)
rNeg     . . .     Faith    .   C - +4 acid dragon scales
rPois    .         Spirit   .   (helmet restricted)
rElec    .         Reflect  .   (no cloak)
rCorr    +         Harm     .   (gloves unavailable)
MR       +....                  (boots unavailable)
Stlth    +.........             (no amulet)
HPRegen  0.74/turn              L - +1 ring of protection
MPRegen  0.13/turn              a - +4 ring of evasion

@: exhausted, protection aura
A: large, unfitting armour, claws 3, fast metabolism 3, gourmand, regeneration
1, shaggy fur 1, tough skin 3
a: Wall Jump, Serpent's Lash, Heavenly Storm, Renounce Religion


You were on level 2 of the Orcish Mines.
You worshipped Wu Jian.
Wu Jian was extremely pleased with you.
You were completely stuffed.

You visited 4 branches of the dungeon, and saw 22 of its levels.

You collected 1465 gold pieces.

Inventory:

Hand Weapons
 k - a +0 giant spiked club
 o - a +2 mace of protection (weapon)
 U - a +3 great mace
Missiles
 V - 3 javelins (quivered)
Armour
 b - a +1 robe
 C - +4 acid dragon scales (worn)
Jewellery
 a - a +4 ring of evasion (right claw)
 v - an uncursed ring of flight
 z - an uncursed ring of fire
 E - an uncursed ring of positive energy
 L - a +1 ring of protection (left claw)
Wands
 y - a wand of scattershot (1)
 D - a wand of acid (6)
 G - a wand of digging (13)
 I - a wand of flame (44)
 N - a wand of paralysis (18)
 Q - a wand of random effects (39)
 R - a wand of iceblast (8)
 S - a wand of polymorph (2)
Scrolls
 f - 3 scrolls of amnesia
 g - 3 scrolls of magic mapping
 i - 11 scrolls of remove curse
 l - 7 scrolls of teleportation
 m - 3 scrolls of fog
 n - a scroll of immolation
 B - a scroll of vulnerability
 H - a scroll of holy word
 J - a scroll of torment
 M - a scroll of fear
 P - 2 scrolls of identify
 W - a scroll of summoning
Potions
 d - 2 potions of lignification
 e - 2 potions of heal wounds
 h - 3 potions of mutation {unknown}
 j - 5 potions of curing
 r - a potion of cancellation
 s - 2 potions of might
 t - 3 potions of degeneration {unknown}
 u - 6 potions of brilliance {unknown}
 w - 6 potions of flight
 x - a potion of agility
 A - a potion of berserk rage
 F - 3 potions of haste
 K - a potion of resistance
 O - 2 potions of invisibility
 T - 2 potions of ambrosia
Comestibles
 c - 30 rations
 p - 7 chunks of flesh


   Skills:
 + Level 12.2 Fighting
 + Level 14.1 Maces & Flails
 + Level 4.1 Throwing
 + Level 7.4 Armour
 + Level 10.2 Dodging
 - Level 1.1 Stealth


You had 13 spell levels left.
You didn't know any spells.
Your spell library contained the following spells:

 Spells                   Type           Power        Failure   Level  Hunger
 Corona                   Hex            #......      52%         1    ##.....
 Sandblast                Erth           #.....       52%         1    ##.....
 Shock                    Conj/Air       #...         52%         1    ##.....
 Summon Small Mammal      Summ           #...         52%         1    ##.....
 Call Imp                 Summ           #.......     65%         2    ###....
 Passwall                 Tmut/Erth      #.......     65%         2    ###....
 Slow                     Hex            #.......     65%         2    ###....
 Swiftness                Chrm/Air       #.......     65%         2    ###....
 Call Canine Familiar     Summ           #.......     87%         3    ####...
 Inner Flame              Hex/Fire       #.......     87%         3    ####...
 Portal Projectile        Hex/Tloc       #.....       87%         3    ####...
 Static Discharge         Conj/Air       #.......     87%         3    ####...
 Stone Arrow              Conj/Erth      #.....       87%         3    ####...
 Summon Guardian Golem    Hex/Summ       #.......     87%         3    ####...
 Airstrike                Air            #.........   99%         4    #####..
 Cause Fear               Hex            #.........   99%         4    #####..
 Leda's Liquefaction      Hex/Erth       #.........   99%         4    #####..
 Petrify                  Tmut/Erth      #.......     99%         4    #####..
 Summon Ice Beast         Ice/Summ       #.......     99%         4    #####..
 Summon Lightning Spire   Summ/Air       #.......     99%         4    #####..
 Bolt of Magma            Conj/Fire/Erth #.........   100%        5    ######.
 Lee's Rapid Deconstruct  Erth           #.........   100%        5    ######.
 Lightning Bolt           Conj/Air       #.........   100%        5    ######.
 Iron Shot                Conj/Erth      #.........   100%        6    #######
 Statue Form              Tmut/Erth      #........    100%        6    #######
 Shatter                  Erth           #.........   100%        9    #######


Dungeon Overview and Level Annotations

Branches:
Dungeon (13/15)            Temple (1/1) D:6            Lair (6/6) D:8
 Shoals (0/4) Lair:4        Snake (0/4) Lair:3        Slime (0/5) Lair:6
    Orc (2/2) D:9
    Elf: Orc:2       Vaults: D:13-14

Altars:
Ashenzari
Cheibriados
Dithmenos
Elyvilon
Fedhas
Gozag
Hepliaklqana
Kikubaaqudgha
Makhleb
Nemelex Xobeh
Okawaru
Qazlal
Ru
Sif Muna
Trog
Uskayaw
Vehumet
Wu Jian
Xom
Yredelemnul
Zin
The Shining One
Jiyva

Annotations:
D:10 2 transporters, ishanyx's ghost, journeyman MfGl
Lair:6 1 runed translucent door
Orc:2 Donald


Innate Abilities, Weirdness & Mutations

You are too large for most types of armour.
You have claws for hands.
Your metabolism is lightning-fast.
You like to eat raw meat.
Your natural rate of healing is unusually fast.
You are covered in fur. (AC +1)
You have extremely tough skin. (AC +3)


Message History

Unknown command.
You barely miss Donald.
Donald is almost dead.
Donald says, "What do they mine anyway?
I've never seen them mine anything."
Donald hits you but does no damage.
An orc comes into view.
Donald blocks your attack.
Donald is almost dead.
Donald hits you with a +0 eveningstar.
* * * LOW HITPOINT WARNING * * *
You hit Donald but do no damage.
Donald is almost dead.
Donald barely misses you.
You hit Donald.
Donald is almost dead.
Donald barely misses you.
You hit Donald but do no damage.
Donald is almost dead.
Donald hits you with a +0 eveningstar!!!
You die...

.......# ....
..)...#.....
.....#.....
........#
##o......#
#........##
###.o.......#
#...(@.##..##
##..@..# .
#....## .
##..).## ..
#....%.##...
##.........#
##.)......#
##<......#
#......##
....#....


You could see Donald and 2 orcs.

Vanquished Creatures
  Harold (D:7)
  5 hydras
  Erolcha (D:11)
  3 catoblepae (Lair:6)
  A two-headed ogre (D:12)
  20 death yaks
  Urug (Lair:4)
  A fire crab (Lair:6)
  2 unseen horrors
  A wizard (D:10)
  An orc knight (D:9)
  The ghost of crawlcharacter the Cleaver, a novice MiBe of Trog (D:6)
  A deep elf mage (D:13)
  An oklob plant (Lair:2)
  An ugly thing (D:12)
  3 manticores
  A cyclops (D:12)
  2 centaur zombies
  6 elephants
  4 spiny frogs
  4 black mambas
  A gargoyle (D:13)
  5 komodo dragons
  5 trolls
  14 hippogriffs
  12 blink frogs
  8 dream sheep
  3 shadows
  4 wyverns
  A wraith (D:11)
  42 yaks
  A basilisk (Lair:5)
  A hungry ghost (D:13)
  Edmund (D:6)
  3 nagas (Lair:3)
  11 water moccasins
  3 porcupines (Lair:4)
  A warg (D:9)
  3 acid dragons
  Duvessa (D:7)
  10 orc warriors
  A phantom (D:9)
  4 ice beasts
  A sky beast (D:11)
  A black bear (D:8)
  An eye of draining (D:10)
  10 ogres
  11 wolves
  6 centaurs
  A big kobold (D:7)
  17 crocodiles
  9 bullfrogs
  2 gnoll sergeants
  Dowan (D:7)
  A wyvern zombie (D:13)
  A wyvern skeleton (D:9)
  4 scorpions
  18 killer bees
  2 howler monkeys
  16 wights
  3 electric eels (Lair:1)
  7 crimson imps
  3 bullfrog zombies
  2 quasits
  A gnoll shaman (D:5)
  12 orc priests
  2 hounds
  2 jellies
  17 orc wizards
  3 centaur skeletons
  A bullfrog skeleton (D:12)
  5 iguanas
  13 worker ants
  A hound zombie (D:5)
  2 hound skeletons
  A howler monkey zombie (D:5)
  A howler monkey skeleton (D:9)
  14 adders
  11 gnolls
  A worker ant zombie (D:10)
  3 shadow imps
  An ooze (D:1)
  2 adder zombies
  An adder skeleton (D:6)
  A worm (D:2)
  8 leopard geckos
  53 orcs
  A ball python (D:3)
  10 giant cockroaches
  6 goblins
  6 hobgoblins
  16 jackals
  7 quokkas
  8 bats
  8 frilled lizards
  A giant cockroach zombie (D:6)
  15 kobolds
  3 rats (D:2)
  A bush (Lair:2)
  A plant (D:3)
552 creatures vanquished.

Vanquished Creatures (others)
  4 fungi
  8 plants
  A withered plant (D:6)
13 creatures vanquished.

Grand Total: 565 creatures vanquished

Notes
Turn   | Place    | Note
-------+----------+-------------------------------------------
     0 | D:1      | PopulousWildman the Troll Monk began the quest for the Orb.
     0 | D:1      | Reached XP level 1. HP: 22/22 MP: 0/0
   107 | D:1      | Reached skill level 3 in Maces & Flails
   118 | D:1      | Reached XP level 2. HP: 29/29 MP: 1/1
   501 | D:2      | Reached XP level 3. HP: 8/36 MP: 2/2
  1010 | D:2      | Found a glowing silver altar of Zin.
  1011 | D:2      | Reached XP level 4. HP: 44/44 MP: 3/3
  1416 | D:3      | Reached skill level 4 in Maces & Flails
  1481 | D:3      | Reached XP level 5. HP: 41/53 MP: 4/4
  2533 | D:4      | Noticed an ogre
  2638 | D:4      | Killed an ogre
  2638 | D:4      | Reached XP level 6. HP: 61/61 MP: 5/5
  2721 | D:4      | Found a stormy altar of Qazlal.
  2831 | D:4      | Reached skill level 5 in Maces & Flails
  3042 | D:5      | Entered Level 5 of the Dungeon
  3203 | D:5      | Reached XP level 7. HP: 67/67 MP: 6/6
  3419 | D:5      | Found a hide-covered altar of Uskayaw.
  3759 | D:5      | Reached skill level 6 in Maces & Flails
  4474 | D:6      | Reached skill level 5 in Dodging
  4474 | D:6      | Reached XP level 8. HP: 29/78 MP: 7/7
  4591 | D:6      | Noticed Edmund
  4621 | D:6      | Killed Edmund
  4764 | D:6      | Reached skill level 7 in Maces & Flails
  4927 | D:6      | Paralysed by an orc for 2 turns
  4931 | D:6      | Paralysed by an orc for 5 turns
  5111 | D:6      | Found a runed translucent door.
  5111 | D:6      | Noticed crawlcharacter's ghost (novice MiBe)
  5127 | D:6      | Found a staircase to the Ecumenical Temple.
  5165 | Temple   | Entered the Ecumenical Temple
  5828 | D:7      | Reached skill level 8 in Maces & Flails
  5838 | D:7      | Noticed Harold
  6069 | D:7      | Noticed Duvessa
  6070 | D:7      | Noticed Dowan
  6093 | D:7      | Killed Duvessa
  6093 | D:7      | Reached XP level 9. HP: 53/87 MP: 8/8
  6106 | D:7      | Killed Dowan
  6530 | D:7      | Found an ornate altar of the Wu Jian Council.
  6590 | D:7      | Killed Harold
  6590 | D:7      | Reached skill level 5 in Fighting
  6590 | D:7      | Reached skill level 9 in Maces & Flails
  6625 | D:7      | Became a worshipper of the Wu Jian Council
  6625 | D:7      | Reached * piety under Wu Jian
  6625 | D:7      | Reached ** piety under Wu Jian
  6824 | D:8      | Found a blossoming altar of Fedhas.
  6871 | D:8      | Found a burning altar of Makhleb.
  6897 | D:8      | Found a staircase to the Lair.
  7727 | D:9      | Found a staircase to the Orcish Mines.
  7739 | D:9      | Reached XP level 10. HP: 98/98 MP: 9/9
  7844 | D:9      | Reached skill level 10 in Maces & Flails
  7983 | D:9      | HP: 4/98 [poisoned by a killer bee]
  8364 | D:9      | Reached *** piety under Wu Jian
  9136 | D:10     | Entered Level 10 of the Dungeon
  9152 | D:10     | Noticed ishanyx's ghost (journeyman MfGl)
  9258 | D:10     | HP: 2/100 [something (5)]
  9487 | D:10     | Noticed a wizard
  9502 | D:10     | Killed a wizard
  9639 | D:9      | Killed an unseen horror
  9924 | D:11     | Reached skill level 11 in Maces & Flails
 10035 | D:11     | Noticed Erolcha
 10178 | D:10     | Found a transporter.
 10178 | D:10     | Noticed a moth of wrath
 10179 | D:10     | Noticed a fire dragon
 10185 | D:10     | Found a transporter.
 10300 | D:10     | Reached **** piety under Wu Jian
 10347 | D:10     | Reached XP level 11. HP: 23/107 MP: 10/10
 11539 | D:6      | Killed crawlcharacter's ghost
 11644 | Lair:1   | Entered Level 1 of the Lair of Beasts
 12326 | Orc:1    | Entered Level 1 of the Orcish Mines
 12675 | D:11     | Upgraded the game from 0.24-a0-235-g3f03afc to
                  | 0.24-a0-373-g39439d8
 12872 | D:11     | Reached skill level 12 in Maces & Flails
 13015 | D:11     | Killed Erolcha
 13110 | D:12     | Noticed a brown ugly thing
 13185 | D:12     | Found a glowing golden altar of the Shining One.
 13206 | D:12     | Noticed a two-headed ogre
 13272 | D:12     | Reached ***** piety under Wu Jian
 13499 | D:12     | Killed an unseen horror
 13913 | D:12     | Reached XP level 12. HP: 70/119 MP: 11/11
 14273 | D:12     | Reached skill level 1 in Armour
 14546 | D:12     | Killed a two-headed ogre
 14988 | D:13     | Reached skill level 13 in Maces & Flails
 15431 | Lair:1   | Noticed a four-headed hydra
 15537 | Lair:1   | Killed a four-headed hydra
 15999 | Lair:1   | Noticed a four-headed hydra
 16019 | Lair:1   | Killed a four-headed hydra
 16019 | Lair:1   | Reached skill level 10 in Dodging
 17604 | Lair:3   | Reached XP level 13. HP: 106/131 MP: 12/12
 17639 | Lair:3   | Found a staircase to the Snake Pit.
 18232 | Lair:4   | Found a staircase to the Shoals.
 18452 | Lair:4   | Noticed Urug
 18508 | Lair:4   | Killed Urug
 19191 | Lair:5   | Reached skill level 14 in Maces & Flails
 19342 | Lair:5   | Reached skill level 10 in Fighting
 19623 | Lair:6   | Entered Level 6 of the Lair of Beasts
 19863 | Lair:6   | Reached skill level 5 in Armour
 21597 | Lair:5   | Reached XP level 14. HP: 127/148 MP: 13/13
 21922 | Lair:6   | Reached skill level 1 in Throwing
 22097 | Lair:6   | Found a runed translucent door.
 22098 | Lair:6   | Found a viscous altar of Jiyva.
 22098 | Lair:6   | Noticed an acid blob
 22100 | Lair:6   | Noticed an acid blob
 22100 | Lair:6   | Noticed an acid blob
 22101 | Lair:6   | Found a staircase to the Slime Pits.
 24482 | Orc:2    | Entered Level 2 of the Orcish Mines
 24517 | Orc:2    | Noticed Donald
 24538 | Orc:2    | Slain by Donald

Levels and vault maps discovered:
D:1:      grunt_arrival_crossed_arrows, layout_rooms, minmay_lizard_king
D:2:      layout_rooms, lemuel_coloured_pillars_altar
D:3:      layout_basic, serial_forest, infiniplex_forest_lined_room_2,
          infiniplex_forest_straight_2, infiniplex_forest_corner_2,
          infiniplex_forest_clump_large, infiniplex_forest_clump_large,
          infiniplex_forest_clump_double, infiniplex_forest_clump_C
D:4:      layout_gridville, kennysheep_mini, first_ration
D:5:      layout_loops_corners, lemuel_crystal_altar
D:6:      layout_basic, minmay_temple_entry_trees, gammafunk_ghost_grave,
          uniq_edmund
D:7:      layout_basic, lemuel_round_altar, uniq_duvessa, uniq_harold
D:8:      layout_loops_ring, lemuel_crystal_altar, dpeg_oklobed_lair,
          basic_altar
D:9:      layout_grid_maze, orc_0_dummy
D:10:     minmay_diamond_stairs, layout_basic, gammafunk_ghost_berserking_beasts
D:11:     layout_roguey, uniq_erolcha
D:12:     layout_rooms, basic_altar
D:13:     layout_roguey
Temple:   minmay_crystal_spiral_temple
Lair:1:   layout_gridlike, hangedman_lair_generics_rect, grunt_megastairs_3,
          serial_bayou_shore_a
Lair:2:   layout_misc_corridors, minivault_19, minmay_lair_oklob_bushes
Lair:3:   layout_cave_pods, guppyfry_snake_entry_island
Lair:4:   layout_gridlike, shoals_dummy_entry, uniq_urug
Lair:5:   layout_misc_corridors
Lair:6:   evilmike_catoblepas_cave, layout_regular_city, slime_altar_2,
          infiniplex_staircase_pool_2, grunt_megastairs_5, serial_bayou_shore_b
Orc:1:    layout_diamond_mine
Orc:2:    st_orc_congregation, layout_diamond_mine, uniq_sonja, uniq_donald

Skill      XL: |  1  2  3  4  5  6  7  8  9 10 11 12 13 14 |
---------------+-------------------------------------------+-----
Maces & Flails | 3 4 5 6 8 9 11 12 13 14 | 14.1
Dodging        | 3 4 5 6 8 9 10 | 10.2
Fighting       | 3 4 5 6 8 9 11 12 | 12.2
Armour         | 4 6 7 |  7.4
Throwing       | 4 |  4.1
Stealth        | |  1.1

Action                   |  1- 3 |  4- 6 |  7- 9 | 10-12 | 13-15 || total
-------------------------+-------+-------+-------+-------+-------++-------
Melee: Mace              |   121 |   284 |   555 |  1723 |  1426 ||  4109
       Great mace        |       |       |       |       |    13 ||    13
Throw: Javelin           |       |       |       |       |    76 ||    76
       Large rock        |       |       |       |       |    11 ||    11
Invok: Whirlwind         |       |       |    38 |   269 |   280 ||   587
       Lunge             |       |       |     8 |    71 |    31 ||   110
       Serpent's Lash    |       |       |       |     7 |    18 ||    25
 Abil: Wall Jump         |       |       |     1 |    23 |     5 ||    29
Evoke: Wand              |       |       |       |    12 |     6 ||    18
  Use: Scroll            |     1 |     3 |    10 |    17 |     7 ||    38
       Potion            |       |     1 |     1 |     4 |       ||     6
 Stab: Sleeping          |     2 |     1 |     4 |     6 |       ||    13
       Distracted        |       |       |     1 |     1 |       ||     2
       Petrified         |       |       |       |       |     2 ||     2
  Eat: Chunk             |    15 |    21 |    39 |    91 |    69 ||   235
       Ration            |       |       |     1 |     1 |       ||     2
Armor: Robe              |    64 |   126 |   165 |   316 |       ||   671
       Skin              |       |     1 |     8 |    30 |       ||    39
       Acid dragon scale |       |       |       |   221 |   378 ||   599
Dodge: Dodged            |    87 |   292 |   393 |  1286 |   726 ||  2784

Table legend:
 A = Non-vault XP
 B = Vault XP
 C = Vault XP percentage of total XP
 D = Non-vault monster count
 E = Vault monster count
 F = Vault count percentage of total count
                 A         B        C        D         E       F
            +---------+---------+-------+---------+---------+-------
      Total |   63884 |   22507 |  26.1 |     486 |      64 |  11.6
            +---------+---------+-------+---------+---------+-------
        D:1 |      25 |       9 |  26.5 |      11 |       7 |  38.9
        D:2 |      70 |       0 |   0.0 |      19 |       0 |   0.0
        D:3 |     150 |       0 |   0.0 |      35 |       0 |   0.0
        D:4 |     312 |       0 |   0.0 |      20 |       0 |   0.0
        D:5 |     563 |       0 |   0.0 |      22 |       0 |   0.0
        D:6 |     893 |     767 |  46.2 |      30 |       2 |   6.2
        D:7 |     545 |    1273 |  70.0 |      19 |       3 |  13.6
        D:8 |     808 |       0 |   0.0 |      14 |       0 |   0.0
        D:9 |    4837 |       0 |   0.0 |      45 |       0 |   0.0
       D:10 |    2893 |    1277 |  30.6 |      39 |       6 |  13.3
       D:11 |    2463 |     952 |  27.9 |      26 |       1 |   3.7
       D:12 |    5319 |       0 |   0.0 |      27 |       0 |   0.0
       D:13 |    4875 |       0 |   0.0 |      27 |       0 |   0.0
     Lair:1 |    3970 |    2550 |  39.1 |      19 |       9 |  32.1
     Lair:2 |    1210 |     550 |  31.2 |       7 |       1 |  12.5
     Lair:3 |    2248 |     453 |  16.8 |      12 |       3 |  20.0
     Lair:4 |    3027 |     804 |  21.0 |      12 |       1 |   7.7
     Lair:5 |   18526 |    5589 |  23.2 |      36 |      13 |  26.5
     Lair:6 |    9472 |    8283 |  46.7 |      32 |      18 |  36.0
      Orc:1 |    1466 |       0 |   0.0 |      30 |       0 |   0.0
      Orc:2 |     212 |       0 |   0.0 |       4 |       0 |   0.0
            +---------+---------+-------+---------+---------+-------
